 Dungeon Crawl Stone Soup version 0.22-a0-348-gd16d139 (console) character file.

239110 Er the Bludgeoner (level 19, 0/124 (126) HPs)
             Began as a Demonspawn Venom Mage on Apr 6, 2018.
             Was the Champion of Hepliaklqana.
             Slain by a spark wasp (14 damage)
             ... on level 4 of the Spider Nest on Apr 7, 2018.
             The game lasted 04:20:22 (53733 turns).

Er the Bludgeoner (Demonspawn Venom Mage)          Turns: 53733, Time: 04:20:27

HP:   0/124 (126)   AC: 14    Str: 12    XL:     19   Next: 1%
MP:   8/34          EV: 21    Int: 31    God:    Hepliaklqana [******]
Gold: 1910          SH: 15    Dex: 13    Spells: 9/41 levels left

rFire    + + +     SeeInvis +   b - +8 flail {venom, MR++ Int+6}
rCold    + + .     Gourm    +   V - +2 shield {AC+3}
rNeg     . . .     Faith    .   L - +1 robe of Darkness {rC+ MR+ Str-4 SInv}
rPois    +         Spirit   .   (helmet unavailable)
rElec    .         Reflect  .   v - +1 cloak
rCorr    .         Harm     .   i - +2 pair of gloves {Dex+3}
MR       +++++                  x - +2 pair of boots
Stlth    ++++......             g - amulet "Wosaa" {Gourm rPois MR+ Str+3 Int+2}
HPRegen  2.30/turn              n - ring of Dack {rPois rF++ Str+3 Dex-4}
MPRegen  0.24/turn              h - ring "Geleos" {*Drain +Blink +Fly rF+ Slay+3}

@: lethally poisoned (0 -> 0), radiating poison
A: reduced essence, horns 3, repulsion field 2, cold resistance 1, nightstalker
1, powered by death 3
}: 1/15 runes: decaying
a: Recall Ancestor, Ancestor Identity, Transference, Idealise, Renounce
Religion, Evoke Blink, Evoke Flight


You were on level 4 of the Spider Nest.
You worshipped Hepliaklqana.
Hepliaklqana was exalted by your worship.
You were completely stuffed.

You visited 7 branches of the dungeon, and saw 34 of its levels.
You also visited: Ice Cave.

You collected 3058 gold pieces.
You spent 1148 gold pieces at shops.

Inventory:

Hand Weapons
 a - the +5 eveningstar "Transmigrator" {elec, *Corrode rF+ Str+3}
   (You acquired it on level 6 of the Dungeon)

   Occasionally, upon striking a foe, it will discharge some electrical energy
   and cause terrible harm.
   It affects your strength (+3).
   It protects you from fire.
   It may corrode you when you take damage.
 b - the +8 flail of Hamutyoth (weapon) {venom, MR++ Int+6}
   (You found it on level 1 of the Lair of Beasts)

   It poisons the flesh of those it strikes.
   It affects your intelligence (+6).
   It affects your resistance to hostile enchantments.
 B - the cursed +1 great sword of Incongruity {antimagic, Dex+3, unknown}
   (You found it on level 2 of the Spider Nest)

   It reduces the magical energy of the wielder, and disrupts the spells and
   magical abilities of those hit.
   Natural abilities and divine invocations are not affected.
   It affects your dexterity (+3).
   It has a curse placed upon it.
Missiles
 j - 42 arrows
 l - 112 stones (quivered)
 s - 37 bolts
Armour
 i - a +2 pair of gloves of dexterity (worn)
 q - a +0 ring mail of magic resistance
 v - a +1 cloak (worn)
 x - a +2 pair of boots (worn)
 L - the +1 robe of Darkness (worn) {rC+ MR+ Str-4 SInv}
   (You found it on level 7 of the Dungeon)

   It affects your strength (-4).
   It protects you from cold.
   It affects your resistance to hostile enchantments.
   It lets you see invisible.
 V - a +2 shield of protection (worn)
Magical Staves
 w - an uncursed staff of wizardry
 G - an uncursed staff of death {unknown}
Jewellery
 g - the amulet "Wosaa" (around neck) {Gourm rPois MR+ Str+3 Int+2}
   (You found it on level 1 of the Swamp)

   [amulet of the gourmand]

   It allows you to eat raw meat even when not hungry.
   It affects your strength (+3).
   It affects your intelligence (+2).
   It protects you from poison.
   It affects your resistance to hostile enchantments.
 h - the ring "Geleos" (right hand) {*Drain +Blink +Fly rF+ Slay+3}
   (You found it in an ice cave)

   [ring of protection from fire]

   It affects your accuracy and damage with ranged weapons and melee attacks
   (+3).
   It protects you from fire.
   It lets you fly.
   It lets you blink.
   It causes draining when unequipped.
 k - an uncursed ring of stealth
 n - the ring of Dack (left hand) {rPois rF++ Str+3 Dex-4}
   (You found it in an ice cave)

   [ring of strength]

   It affects your strength (+3).
   It affects your dexterity (-4).
   It greatly protects you from fire.
   It protects you from poison.
 W - an uncursed ring of resist corrosion
Wands
 f - a wand of digging (49)
 m - a wand of clouds (7)
 E - a wand of iceblast (12)
 Q - a wand of acid (34)
 S - a wand of random effects (15)
 X - a wand of disintegration (14)
 Y - a wand of paralysis (17)
Scrolls
 o - a scroll of magic mapping
 r - 4 scrolls of teleportation
 t - 6 scrolls of fog
 u - 3 scrolls of summoning
 D - a scroll of blinking
 H - 4 scrolls of enchant weapon
 J - 4 scrolls of fear
 M - 2 scrolls of amnesia
 O - 16 scrolls of remove curse
 R - 10 scrolls of identify
Potions
 c - a potion of magic
 d - 18 potions of curing
 e - 4 potions of heal wounds
 z - 2 potions of resistance
 C - 10 potions of haste
 F - 4 potions of might
 I - 3 potions of ambrosia
 K - 2 potions of cancellation
 P - 3 potions of flight
 U - 2 potions of berserk rage
Miscellaneous
 y - a lamp of fire
 A - a sack of spiders
 N - a lamp of fire
Comestibles
 p - 49 rations
 T - a chunk of flesh


   Skills:
 - Level 10.0 Fighting
   Level 1.0 Short Blades
 - Level 16.0 Maces & Flails
 - Level 10.0 Dodging
 - Level 5.0 Stealth
 - Level 15.0 Shields
 + Level 11.7 Spellcasting
 - Level 1.0 Conjurations
 - Level 3.0 Hexes
 - Level 1.0 Summonings
 * Level 14.3 Necromancy
 - Level 7.0 Earth Magic
 - Level 5.0 Poison Magic
 - Level 5.0 Evocations


You had 9 spell levels left.
You knew the following spells:

 Your Spells              Type           Power        Failure   Level  Hunger
b - Blink                 Tloc           N/A          4%          2    None
j - Borgnjor's Vile Clut  Necr/Erth      ######....   1%          5    ##.....
m - Mephitic Cloud        Conj/Pois/Air  ####....     3%          3    None
r - Regeneration          Chrm/Necr      ######....   1%          3    None
u - Dispel Undead         Necr           #######.     1%          5    ##.....
v - Poisonous Vapours     Pois/Air       ####..       1%          2    None
G - Summon Guardian Gole  Hex/Summ       ####....     3%          3    None
L - Lee's Rapid Deconstr  Erth           ######....   4%          5    ##.....
R - Olgreb's Toxic Radia  Pois           #####...     3%          4    None


Dungeon Overview and Level Annotations

Branches:
Dungeon (15/15) Temple (1/1) D:6 Lair (6/6) D:9 Swamp (4/4) Lair:4 Spider (4/4) Lair:3 Slime (0/5) Lair:6 Orc (2/2) D:12 Elf (2/3) Orc:2 Vaults (0/5) D:13 D:14 Depths: D:15

Altars:
Ashenzari
Cheibriados
Dithmenos
Elyvilon
Fedhas
Gozag
Hepliaklqana
Kikubaaqudgha
Makhleb
Nemelex Xobeh
Okawaru
Qazlal
Ru
Sif Muna
Trog
Uskayaw
Vehumet
Wu Jian
Xom
Yredelemnul
Zin
The Shining One
Beogh

Shops:
D:5 [   D:8 *   D:9 !   D:11 ?   Orc:1 (   Orc:2 :[[=

Portals:
Trove: D:12 (show slimy rune of Zot)


Innate Abilities, Weirdness & Mutations

You have a pair of large horns on your head.
You are surrounded by a moderate repulsion field. (EV +3)
Your flesh is cold resistant. (rC+)
You are slightly more attuned to the shadows.
You regenerate a lot of health from kills.
Your life essence is reduced to manifest your ancestor. (-10% HP)


Message History

The ball explodes into a vile cloud!
The stinking cloud engulfs you!
The stinking cloud engulfs the wolf spider.
The wolf spider is severely wounded.
The stinking cloud engulfs the spark wasp.
The spark wasp is lightly wounded.
The stinking cloud engulfs the spark wasp.
The spark wasp is lightly wounded.
The wolf spider looks even sicker.
The spark wasp looks as sick as possible!
You feel sick.
You hear an angry hiss.
You hear an angry buzzing noise.
You hear a hideous shriek!
You hear an angry buzzing noise. x2
Small shork hits the spark wasp with a lajatang of freezing!!
Small shork freezes the spark wasp.
The spark wasp dies!
The spark wasp is engulfed in noxious fumes.
The spark wasp stings you!!
* * * LOW HITPOINT WARNING * * *
The spark wasp shocks you!
You die...

##.....##
#≈#.#≈≈#
#......##
#......≈#
#.......##
#........#
#........#
##.§y§...#
#.§@...##
#.s.y.##
#R†...#.
#........
.....$......#.^
......#.§...# .
..)...#.s.....
≈....≈........
#.............


You could see the friendly Small shork the battlemage, 2 spark wasps, a demonic
crawler and a wolf spider.

Vanquished Creatures
  Frances (D:12)
  Gastronok (Lair:2)
  The ghost of wevryn the Blocker, an adept GnFi of Okawaru (Swamp:2)
  A ghost moth (Spider:4)
  A frost giant (IceCv)
  A deep elf sorcerer (Elf:1)
  An entropy weaver (Spider:3)
  2 green draconians (Swamp:1)
  2 spark wasps
  A fire dragon (Swamp:4)
  Snorg (D:12)
  The ghost of strifetoe the Cleaver, a journeyman HuFi of Makhleb (D:12)
  Harold (Orc:2)
  A catoblepas (D:15)
  14 hydras
  A centaur warrior (D:15)
  2 ghost crabs
  5 alligators
  A tengu warrior (D:15)
  5 death yaks
  11 dancing weapons
  An ogre mage (Orc:1)
  10 two-headed ogres
  Sonja (Lair:4)
  7 deep elf knights
  2 spriggan druids (Swamp:2)
  5 shambling mangroves
  7 swamp dragons
  5 deep elf archers
  A sea snake (Lair:6)
  A lindwurm (Lair:6)
  A necromancer (Swamp:4)
  2 orc knights (Orc:1)
  8 orb spiders
  14 wolf spiders
  A manticore (D:10)
  4 ugly things
  30 deep elf magi
  10 orc sorcerers
  3 cyclopes
  2 elephants (Lair:6)
  3 moths of wrath
  An ice statue (IceCv)
  4 black mambas
  An elephant (shapeshifter) (D:15)
  3 torpor snails
  16 spiny frogs
  A death yak zombie (Lair:4)
  2 gargoyles
  7 yaktaurs
  10 komodo dragons
  11 rime drakes
  A tengu conjurer (D:13)
  3 demonic crawlers
  A death yak skeleton (Lair:5)
  A hydra zombie (Lair:1)
  28 jumping spiders
  12 polar bears
  4 trolls
  A wolf spider simulacrum (D:14)
  A queen bee (shapeshifter) (D:11)
  A wind drake (Lair:6)
  12 tyrant leeches
  23 hornets
  Prince Ribbit (D:3)
  10 slime creatures
  11 blink frogs
  2 bog bodies
  6 hippogriffs
  10 dream sheep (Lair:6)
  A black mamba zombie (Lair:1)
  A hydra skeleton (Lair:6)
  3 air elementals
  7 spriggans
  A centaur simulacrum (D:15)
  3 water elementals
  53 redbacks
  16 tarantellas
  2 wraiths
  A tyrant leech zombie (Swamp:4)
  A spriggan (shapeshifter) (D:13)
  4 wyverns
  The ghost of indyram44 the Cudgeler, an amateur DrBe of Trog (D:4)
  A black mamba skeleton (Lair:5)
  67 yaks
  12 humans
  A hungry ghost (D:7)
  3 hogs (D:8)
  10 vampire mosquitoes
  3 steam dragons
  5 wargs
  4 insubstantial wisps
  13 water moccasins
  13 swamp worms
  A spiny frog zombie (Lair:1)
  4 porcupines
  A two-headed ogre skeleton (Orc:2)
  A swamp dragon zombie (Swamp:4)
  10 swamp drakes
  7 ice beasts
  18 orc warriors
  2 sky beasts
  2 black bears
  14 ogres
  An eye of draining (D:13)
  5 centaurs
  15 wolves
  5 crocodiles
  A dream sheep skeleton (Lair:5)
  A big kobold (D:8)
  17 bullfrogs
  A water moccasin zombie (Swamp:4)
  A komodo dragon skeleton (Lair:5)
  A rime drake skeleton (Lair:5)
  A wyvern skeleton (D:11)
  5 scorpions
  4 killer bees (D:11)
  A water moccasin skeleton (D:9)
  2 yak zombies
  A warg skeleton (Orc:2)
  A troll skeleton (Orc:2)
  2 wights
  A wolf zombie (Lair:1)
  3 howler monkeys
  9 electric eels
  2 crimson imps
  5 centaur zombies
  7 hounds
  A bullfrog zombie (D:5)
  17 orc priests
  41 orc wizards
  A quasit (D:9)
  A bullfrog skeleton (D:6)
  3 centaur skeletons
  7 jellies
  Jessica (D:3)
  4 iguanas
  7 hell rats
  10 worker ants
  2 crocodile zombies (Lair:4)
  An ogre zombie (Orc:1)
  2 hound zombies
  A hound skeleton (D:14)
  2 howler monkey zombies
  A worker ant zombie (D:9)
  19 adders
  8 gnolls
  2 orc zombies (Orc:1)
  A gnoll skeleton (D:14)
  3 shadow imps
  2 adder skeletons
  An adder zombie (D:5)
  2 orc skeletons
  6 worms
  2 dart slugs
  6 leopard geckos
  124 orcs
  8 giant cockroaches
  13 goblins
  19 hobgoblins
  15 jackals
  15 kobolds
  6 quokkas
  A ball python (D:3)
  15 bats
  5 frilled lizards
  A hobgoblin skeleton (D:14)
  A kobold skeleton (D:13)
  3 leopard gecko skeletons
  2 quokka skeletons (D:9)
  4 rats
  A plant (D:9)
1122 creatures vanquished.

Vanquished Creatures (collateral kills)
  Jorgrun (Swamp:2)
  Rupert (D:14)
  A deep elf blademaster (Elf:2)
  A thorn hunter (Swamp:4)
  Agnes (Elf:1)
  A ghost moth (Spider:4)
  An entropy weaver (Spider:4)
  A deep elf demonologist (Elf:2)
  Nessos (D:14)
  The ghost of arthad the Geomancer, a journeyman GrEE of Vehumet (D:13)
  2 spark wasps
  8 hydras
  A merfolk avatar (Lair:6)
  A centaur warrior (D:15)
  7 dancing weapons (Elf:2)
  A two-headed ogre (D:15)
  An alligator (Swamp:1)
  Urug (D:13)
  5 death yaks
  A deep elf knight (Elf:2)
  A sea snake (Lair:6)
  An unseen horror (D:13)
  2 spriggan druids
  6 swamp dragons
  2 deep elf archers (Elf:1)
  16 deep elf magi
  A shambling mangrove (Swamp:3)
  An orc knight (D:14)
  A harpy (Lair:6)
  4 ugly things
  12 wolf spiders
  9 orb spiders
  A cyclops (D:15)
  A moth of wrath (Spider:2)
  A black mamba (Lair:6)
  2 centaur skeletons (D:15)
  5 spiny frogs
  A death yak zombie (Lair:1)
  5 komodo dragons
  An efreet (D:14)
  4 demonic crawlers
  4 yaktaurs (D:15)
  A rime drake (Lair:6)
  A yaktaur skeleton (D:13)
  A death yak skeleton (Lair:6)
  A polar bear (Lair:4)
  2 hydra zombies
  7 tyrant leeches
  11 jumping spiders
  11 hornets
  A wind drake (Lair:6)
  2 blink frogs
  A wolf spider simulacrum (D:15)
  A hydra skeleton (Lair:5)
  2 bog bodies
  A harpy skeleton (D:15)
  8 slime creatures
  5 hippogriffs
  2 shadows
  An ice dragon skeleton (D:14)
  11 redbacks
  A vampire (D:14)
  2 spriggans
  A black mamba zombie (Lair:2)
  A water elemental (Elf:1)
  5 humans
  9 yaks
  2 wyverns
  11 tarantellas
  A basilisk (Lair:6)
  2 fire elementals
  15 vampire mosquitoes
  9 swamp worms
  6 insubstantial wisps
  2 spiny frog zombies
  4 water moccasins
  A porcupine (Lair:3)
  A spiny frog skeleton (Lair:5)
  9 swamp drakes
  An orc warrior (D:14)
  An ogre skeleton (D:13)
  A blink frog zombie (Lair:2)
  An ogre (shapeshifter) (Elf:1)
  A swamp dragon zombie (Swamp:4)
  2 wolves (Lair:6)
  A torpor snail zombie (Lair:1)
  A blink frog skeleton (Lair:6)
  A crocodile (Lair:6)
  3 battlemagi
  3 bullfrogs
  2 komodo dragon zombies (Lair:2)
  A water moccasin zombie (Lair:4)
  An earth elemental (Elf:2)
  A yak zombie (Lair:3)
  A wight (D:14)
  A wolf zombie (Lair:2)
  A basilisk zombie (Lair:1)
  2 crimson imps (D:15)
  An orc priest (D:14)
  A hound (D:14)
  4 hell rats (Lair:2)
  A porcupine skeleton (Lair:5)
  A worm (Spider:4)
  A plant (Lair:6)
306 creatures vanquished.

Vanquished Creatures (others)
  An emperor scorpion (Spider:2)
  A hydra (D:15)
  An alligator (Swamp:2)
  A death yak (Lair:5)
  A deep elf knight (Elf:2)
  A deep elf mage (Elf:1)
  A jumping spider (Spider:3)
  A bog body (Swamp:1)
  A dancing weapon (D:10)
  2 swamp worms
  28 battlemagi
  2 orcs
  18 fungi
  20 plants
79 creatures vanquished.

Grand Total: 1507 creatures vanquished

Notes
Turn   | Place    | Note
-------+----------+-------------------------------------------
     0 | D:1      | Er the Demonspawn Venom Mage began the quest for the Orb.
     0 | D:1      | Reached XP level 1. HP: 13/13 MP: 3/3
   292 | D:1      | Gained mutation: You regenerate a little health from kills. [demonic ancestry]
   292 | D:1      | Reached XP level 2. HP: 19/19 MP: 0/5
   344 | D:1      | Learned a level 2 spell: Poisonous Vapours
   922 | D:1      | Reached XP level 3. HP: 24/24 MP: 4/7
  1679 | D:2      | Reached XP level 4. HP: 30/30 MP: 2/10
  3019 | D:3      | Reached XP level 5. HP: 35/35 MP: 7/12
  3248 | D:3      | Reached skill level 5 in Spellcasting
  3281 | D:3      | Learned a level 3 spell: Mephitic Cloud
  3286 | D:3      | Learned a level 4 spell: Olgreb's Toxic Radiance
  3437 | D:3      | Noticed Jessica
  3441 | D:3      | Killed Jessica
  4081 | D:4      | Noticed indyram44's ghost (amateur DrBe)
  4701 | D:4      | Gained mutation: You are slightly more attuned to the shadows. [demonic ancestry]
  4701 | D:4      | Reached XP level 6. HP: 30/41 MP: 10/14
  5330 | D:5      | Entered Level 5 of the Dungeon
  5543 | D:5      | Noticed Prince Ribbit
  6034 | D:3      | Killed Prince Ribbit
  6034 | D:3      | Reached skill level 1 in Fighting
  6034 | D:3      | Gained mutation: You regenerate health from kills. [demonic ancestry]
  6034 | D:3      | Reached XP level 7. HP: 26/49 MP: 3/16
  6137 | D:5      | Found Bippaen's Antique Armour Shop.
  6140 | D:5      | Bought a glowing helmet for 180 gold pieces
  7159 | D:5      | Learned a level 3 spell: Confuse
  7364 | D:6      | Reached skill level 1 in Short Blades
  7369 | D:6      | Identified 3 scrolls of acquirement
  7388 | D:6      | Reached skill level 1 in Shields
  7388 | D:6      | Reached skill level 1 in Hexes
  7388 | D:6      | Reached XP level 8. HP: 58/58 MP: 13/17
  7675 | D:6      | HP: 1/87 [ice beast (8)]
  8135 | D:6      | Got an ichor-stained eveningstar
  8136 | D:6      | Identified the +5 eveningstar "Transmigrator" {elec, *Corrode rF+ Str+3} (You acquired it on level 6 of the Dungeon)
  8147 | D:5      | Got a crude chain mail
  8306 | D:6      | Found a staircase to the Ecumenical Temple.
  8319 | Temple   | Entered the Ecumenical Temple
  8576 | Temple   | Became a worshipper of Kikubaaqudgha
  8760 | D:6      | Reached skill level 1 in Maces & Flails
  8881 | D:6      | Found a snail-covered altar of Cheibriados.
  8957 | D:6      | Learned a level 2 spell: Blink
  9389 | D:6      | Reached skill level 2 in Maces & Flails
  9624 | D:7      | Reached XP level 9. HP: 57/63 MP: 17/19
  9708 | D:7      | Reached * piety under Kikubaaqudgha
  9708 | D:7      | Identified Kikubaaqudgha's Handbook of Sinister Magic (Kikubaaqudgha gifted it to you on level 7 of the Dungeon)
  9708 | D:7      | Received a gift from Kikubaaqudgha
  9720 | D:7      | Learned a level 3 spell: Regeneration
  9732 | D:7      | Got an opalescent robe
  9747 | D:7      | Found a basalt altar of Yredelemnul.
  9775 | D:7      | Identified the +1 robe of Darkness {rC+ MR+ Str-4 SInv} (You found it on level 7 of the Dungeon)
  9867 | D:7      | Reached skill level 5 in Stealth
 10056 | D:7      | Reached skill level 3 in Maces & Flails
 10256 | D:7      | Reached skill level 4 in Maces & Flails
 10465 | D:8      | Reached skill level 5 in Maces & Flails
 10744 | D:8      | Reached ** piety under Kikubaaqudgha
 10745 | D:8      | Reached skill level 6 in Maces & Flails
 10751 | D:8      | Reached skill level 7 in Maces & Flails
 11165 | D:8      | Found Niegucao's General Store.
 11170 | D:8      | Bought a scroll of amnesia for 49 gold pieces
 11398 | D:9      | Found a staircase to the Lair.
 11399 | D:9      | Noticed a komodo dragon
 11423 | D:9      | Killed a komodo dragon
 11423 | D:9      | Gained mutation: You have a pair of small horns on your head. [demonic ancestry]
 11423 | D:9      | Reached XP level 10. HP: 58/70 MP: 10/20
 11491 | D:9      | Reached skill level 8 in Maces & Flails
 11723 | D:9      | Identified the +4 chain mail "Ynko" {rElec Dex+4} (You acquired it on level 5 of the Dungeon)
 11945 | D:9      | Found Isexy's Distillery.
 11947 | D:9      | Noticed a two-headed ogre
 11968 | D:9      | Killed a two-headed ogre
 11968 | D:9      | Reached skill level 9 in Maces & Flails
 12122 | D:9      | Bought a potion of haste for 170 gold pieces
 12122 | D:9      | Bought a potion of heal wounds for 85 gold pieces
 12122 | D:9      | Bought a potion of curing for 51 gold pieces
 12122 | D:9      | Bought a potion of curing for 51 gold pieces
 12144 | D:9      | Reached *** piety under Kikubaaqudgha
 12144 | D:9      | Identified Kikubaaqudgha's Almanac of Dark Rituals (Kikubaaqudgha gifted it to you on level 9 of the Dungeon)
 12144 | D:9      | Received a gift from Kikubaaqudgha
 12145 | D:9      | You fall through a shaft!
 12145 | D:10     | Entered Level 10 of the Dungeon
 12312 | D:10     | Noticed a gargoyle
 12439 | D:11     | Reached skill level 10 in Maces & Flails
 12522 | D:11     | Found Ituadu's Magic Scroll Boutique.
 12525 | D:11     | Bought a scroll of teleportation for 36 gold pieces
 12525 | D:11     | Bought a scroll of teleportation for 36 gold pieces
 12561 | D:11     | Noticed a gargoyle
 12601 | D:11     | Reached skill level 11 in Maces & Flails
 12628 | D:11     | Reached **** piety under Kikubaaqudgha
 12633 | D:11     | Found a frozen archway.
 12731 | D:11     | Gained mutation: You have a pair of horns on your head. [demonic ancestry]
 12731 | D:11     | Reached XP level 11. HP: 50/75 MP: 4/21
 12829 | IceCv    | Entered an ice cave
 13354 | IceCv    | Got a sparkling glass ring
 13356 | IceCv    | Identified the ring "Geleos" {*Drain +Blink +Fly rF+ Slay+3} (You found it in an ice cave)
 13417 | IceCv    | Reached skill level 12 in Maces & Flails
 13568 | IceCv    | Got a clouded granite ring
 14574 | IceCv    | Noticed a death yak
 14576 | IceCv    | Noticed a frost giant
 14601 | IceCv    | Killed a death yak
 14601 | IceCv    | Reached skill level 5 in Fighting
 15216 | IceCv    | Identified the ring of Dack {rPois rF++ Str+3 Dex-4} (You found it in an ice cave)
 15221 | IceCv    | Learned a level 3 spell: Tukima's Dance
 15225 | IceCv    | Learned a level 3 spell: Summon Guardian Golem
 15265 | IceCv    | Reached skill level 13 in Maces & Flails
 15340 | IceCv    | Killed a frost giant
 15340 | IceCv    | Reached skill level 5 in Dodging
 15340 | IceCv    | Gained mutation: You regenerate a lot of health from kills. [demonic ancestry]
 15340 | IceCv    | Reached XP level 12. HP: 64/86 MP: 1/22
 15440 | IceCv    | Got dazzling ice dragon scales
 15810 | D:10     | Noticed a two-headed ogre
 15861 | D:10     | Reached ***** piety under Kikubaaqudgha
 15973 | D:10     | Killed a two-headed ogre
 17556 | D:11     | Identified the +5 ice dragon scales "Haciesha" {rElec rF- rC++ Str+2 Dex+3} (You found it in an ice cave)
 17725 | D:11     | Reached skill level 1 in Evocations
 18023 | Lair:1   | Entered Level 1 of the Lair of Beasts
 18234 | D:12     | Found a portal to a secret trove of treasure.
 18275 | D:12     | Noticed strifetoe's ghost (journeyman HuFi)
 18498 | D:12     | Found a staircase to the Orcish Mines.
 18504 | Orc:1    | Entered Level 1 of the Orcish Mines
 18515 | Orc:1    | Noticed Snorg
 18735 | D:12     | Noticed Frances
 18952 | D:12     | Killed Snorg
 19388 | D:12     | Killed Frances
 19911 | Orc:1    | Noticed a two-headed ogre
 19913 | Orc:1    | Noticed an ogre mage
 19920 | Orc:1    | Noticed a two-headed ogre
 19922 | Orc:1    | Noticed Harold
 19923 | Orc:1    | Killed an ogre mage
 19924 | Orc:1    | Noticed a two-headed ogre
 19927 | D:12     | Killed a two-headed ogre
 19927 | D:12     | Gained mutation: You are surrounded by a mild repulsion field. (EV +2) [demonic ancestry]
 19927 | D:12     | Reached XP level 13. HP: 90/98 MP: 1/23
 20862 | Orc:1    | Reached skill level 14 in Maces & Flails
 21529 | Orc:1    | Reached ****** piety under Kikubaaqudgha
 21530 | Orc:1    | Received a gift from Kikubaaqudgha
 21539 | Orc:1    | Reached skill level 5 in Evocations
 21796 | Temple   | Fell from the grace of Kikubaaqudgha
 21796 | Temple   | Became a worshipper of Hepliaklqana the Forgotten
 22010 | Orc:1    | Found Camerauwi's Weapon Shop.
 22253 | Orc:1    | Found Camerauwi's Weapon Shop.
 22420 | Orc:2    | Entered Level 2 of the Orcish Mines
 22843 | Orc:2    | Killed Harold
 22916 | Orc:2    | Found a staircase to the Elven Halls.
 23143 | Orc:2    | Reached * piety under Hepliaklqana
 23402 | Orc:1    | Noticed a reaper
 24534 | Orc:2    | Found Uvoerres's Book Shoppe.
 24534 | Orc:2    | Found Giwilan's Antique Armour Boutique.
 24766 | Orc:2    | Found a roughly hewn altar of Beogh.
 24819 | Orc:2    | Noticed a stone giant
 24860 | Orc:2    | Found Vaic's Armour Shoppe.
 24860 | Orc:2    | Found Soeggeim's Jewellery Boutique.
 25645 | D:13     | Noticed Urug
 25648 | D:13     | Noticed arthad's ghost (journeyman GrEE)
 26678 | D:12     | Killed strifetoe's ghost
 26988 | D:4      | Killed indyram44's ghost
 27287 | Lair:1   | Got a steaming flail
 27334 | Lair:1   | Found a glowing golden altar of the Shining One.
 27370 | Lair:1   | Reached skill level 10 in Fighting
 27408 | Lair:1   | Gained mutation: You have a pair of large horns on your head. [demonic ancestry]
 27408 | Lair:1   | Reached XP level 14. HP: 99/99 MP: 21/24
 27571 | Lair:1   | Reached ** piety under Hepliaklqana
 27572 | Lair:1   | Remembered your ancestor Small shork as a battlemage
 27919 | Lair:2   | Noticed Gastronok
 27985 | Lair:2   | Killed Gastronok
 29253 | Lair:2   | Reached skill level 15 in Maces & Flails
 29898 | Lair:3   | Reached skill level 10 in Dodging
 30022 | Lair:3   | Found a hole to the Spider Nest.
 30414 | Lair:4   | Reached *** piety under Hepliaklqana
 30425 | Lair:4   | Noticed Sonja
 30435 | Lair:4   | Killed Sonja
 31178 | Lair:1   | Identified the +8 flail of Hamutyoth {venom, MR++ Int+6} (You found it on level 1 of the Lair of Beasts)
 31439 | Lair:4   | Found a staircase to the Swamp.
 31927 | Lair:5   | Reached **** piety under Hepliaklqana
 32233 | Lair:5   | Reached skill level 5 in Shields
 32560 | Lair:5   | Upgraded the game from 0.22-a0-346-ga714374 to 0.22-a0-348-gd16d139
 32594 | Lair:5   | Reached skill level 16 in Maces & Flails
 33112 | Lair:6   | Entered Level 6 of the Lair of Beasts
 33414 | Lair:6   | Reached XP level 15. HP: 102/102 MP: 7/25
 34548 | Lair:6   | Found a staircase to the Slime Pits.
 35596 | D:13     | Killed arthad's ghost
 35596 | D:13     | Reached skill level 10 in Shields
 35697 | D:13     | Killed Urug
 35731 | D:13     | Reached ***** piety under Hepliaklqana
 36452 | D:14     | Found a gate to the Vaults.
 36453 | D:14     | Noticed Rupert
 36707 | D:14     | Noticed Nessos
 36887 | D:14     | Killed Nessos
 37007 | D:14     | Paralysed by Rupert for 3 turns
 37172 | D:14     | Was forgiven by Kikubaaqudgha
 37234 | D:14     | Killed Rupert
 37954 | D:15     | Entered Level 15 of the Dungeon
 38807 | D:15     | Reached XP level 16. HP: 91/107 MP: 19/26
 39048 | Lair:1   | Learned a level 5 spell: Borgnjor's Vile Clutch
 39181 | Elf:1    | Entered Level 1 of the Elven Halls
 39187 | Elf:1    | Noticed Agnes
 39201 | Elf:1    | Killed Agnes
 39211 | Elf:1    | Reached skill level 1 in Necromancy
 39355 | Elf:1    | Reached skill level 1 in Summonings
 39361 | Elf:1    | Reached skill level 1 in Earth Magic
 40175 | Elf:1    | Identified the Incunabulum of Battle Magic
 40475 | Elf:1    | Reached skill level 5 in Poison Magic
 40804 | Elf:2    | Noticed an Executioner
 41237 | Elf:2    | Found a huge runed gate.
 41237 | Elf:2    | Found a huge runed gate.
 41237 | Elf:2    | Found a huge runed gate.
 41237 | Elf:2    | Found a huge runed gate.
 41237 | Elf:2    | Found a huge runed gate.
 41729 | Elf:2    | Noticed a deep elf blademaster
 41747 | Elf:2    | Killed a deep elf blademaster
 42445 | Elf:2    | Reached skill level 5 in Necromancy
 42920 | Elf:2    | Reached XP level 17. HP: 113/113 MP: 14/29
 43344 | Lair:1   | Learned a level 5 spell: Dispel Undead
 43462 | Swamp:1  | Entered Level 1 of the Swamp
 43577 | Swamp:1  | Found a transporter.
 43695 | Swamp:1  | Reached skill level 5 in Earth Magic
 44076 | Swamp:1  | Found a transporter.
 44343 | Swamp:1  | Reached ****** piety under Hepliaklqana
 44647 | Swamp:2  | Noticed wevryn's ghost (adept GnFi)
 44754 | Swamp:2  | Killed wevryn's ghost
 45108 | Swamp:2  | Noticed Jorgrun
 45118 | Swamp:2  | Killed Jorgrun
 46788 | Swamp:4  | Entered Level 4 of the Swamp
 47419 | Swamp:3  | Reached skill level 10 in Necromancy
 47748 | Swamp:4  | Reached skill level 10 in Spellcasting
 47773 | Swamp:4  | Got a decaying rune of Zot
 47797 | Swamp:4  | Gained mutation: You are surrounded by a moderate repulsion field. (EV +3) [demonic ancestry]
 47797 | Swamp:4  | Reached XP level 18. HP: 85/118 MP: 17/32
 48464 | D:8      | Bought a book of Geomancy for 490 gold pieces
 48470 | D:8      | Learned a level 5 spell: Lee's Rapid Deconstruction
 48926 | Spider:1 | Entered Level 1 of the Spider Nest
 49571 | Swamp:1  | Got an ancient silver amulet
 49584 | Swamp:1  | Got a warped jade amulet
 49837 | Lair:2   | Identified the amulet of the Devil's Advocate {Reflect Int+2 SH+4} (You found it on level 1 of the Swamp)
 49838 | Lair:2   | Identified the amulet "Wosaa" {Gourm rPois MR+ Str+3 Int+2} (You found it on level 1 of the Swamp)
 50001 | Spider:1 | Reached skill level 15 in Shields
 51028 | Spider:2 | Got a shimmering great sword
 52283 | Spider:4 | Entered Level 4 of the Spider Nest
 53731 | Spider:4 | Gained mutation: Your flesh is cold resistant. (rC+) [demonic ancestry]
 53731 | Spider:4 | Reached XP level 19. HP: 64/124 MP: 14/34
 53733 | Spider:4 | Slain by a spark wasp

Vault maps used:
D:1:      nzn_arrival_settlement, minmay_door_square, hangedman_decor_points
D:3:      first_ration, uniq_jessica
D:5:      corexii_shantytown, serial_shops, nicolae_shop_behind_doors,
          minivault_23, st_stairs_5, uniq_prince_ribbit1
D:6:      slow_altar_2, minmay_temple_entry_hall
D:7:      old_forge, basic_altar, kennysheep_generic_room_8
D:8:      serial_shops, shop, grunt_livestock, feat_on_display
D:9:      david_lair_shrubbed, special_room, serial_shops, shop
D:10:     cheibrodos_two_vegetables
D:11:     serial_shops, kennysheep_mini, portal_ice_cave_rime
D:12:     orc_0_dummy, nicolae_trove_entry_free_sample, uniq_frances
D:13:     uniq_urug
D:14:     david_vaults_3, hex_intersection
D:15:     grunt_enter_depths_magical_seal
Temple:   nicolae_temple_the_god_donut
Lair:1:   basic_altar
Lair:2:   uniq_gastronok
Lair:3:   spider_nest_entry_a, columned_hall_lemuel, fungi_pond_lemuel,
          grunt_megastairs_2, uniq_rupert
Lair:4:   swamp_mist_pool, uniq_sonja
Lair:6:   gammafunk_lair_ancient_temple, minmay_slime_entry_pillars,
          lemuel_fruit_tree
Swamp:1:  gammafunk_its_a_trap, serial_swamp_ruin, evilmike_swamp_ruin_house_3,
          evilmike_swamp_ruin_rubble_1, swamp_pool1, hangedman_swamp_dais
Swamp:2:  evilmike_swamp_ruin_house_5, uniq_jorgrun
Swamp:3:  nicolae_swamp_round_clearing
Swamp:4:  swamp, swamp_pool3, nicolae_swamp_necromancer_hut
Spider:1: guppyfry_spider_mini_3
Spider:2: worms_lemuel, nicolae_spider_cling_ruins
Spider:3: nicolae_spider_mines_1
Spider:4: grunt_spider_rune_parallel, hive_lemuel
Orc:1:    serial_shops, shop_fountains, uniq_snorg, uniq_harold
Orc:2:    st_orc_town
Elf:1:    eino_elf_arrival_shootout, minmay_elf_annihilation,
          guppyfry_library_mini, uniq_agnes
IceCv:    ice_cave_caverns_03

Skill      XL: |  1  2  3  4  5  6  7  8  9 10 11 12 13 14 15 16 17 18 |
---------------+-------------------------------------------------------+-----
Spellcasting   | 3 4 5 6 7 8 10 11 | 11.7
Poison Magic   | 4 5 |  5.0
Fighting       | 1 3 5 7 10 | 10.0
Dodging        | 2 3 5 7 9 10 | 10.0
Stealth        | 2 3 4 5 |  5.0
Short Blades   | 1 |  1.0
Shields        | 1 3 4 7 12 14 15 | 15.0
Hexes          | 1 3 |  3.0
Maces & Flails | 2 7 11 13 14 16 | 16.0
Evocations     | 3 5 |  5.0
Necromancy     | 6 10 14 | 14.3
Summonings     | 1 |  1.0
Earth Magic    | 4 7 |  7.0
Conjurations   | |  1.0

Action                   |  1- 3 |  4- 6 |  7- 9 | 10-12 | 13-15 | 16-18 | 19-21 || total
-------------------------+-------+-------+-------+-------+-------+-------+-------++-------
Melee: Unarmed           |     2 |       |       |       |       |       |       ||     2
       Dagger            |     6 |    60 |    77 |       |       |       |       ||   143
       Falchion          |       |     3 |       |       |       |       |       ||     3
       Eveningstar       |       |       |   131 |   366 |   773 |   412 |       ||  1682
       Headbutt          |       |       |       |    52 |   156 |   136 |       ||   344
       Flail             |       |       |       |       |   111 |   484 |       ||   595
 Fire: Hunting sling     |    11 |    15 |       |       |       |       |       ||    26
Throw: Tomahawk          |       |       |     4 |       |       |       |       ||     4
 Cast: Sting             |    20 |     1 |       |       |       |       |       ||    21
       Poisonous Vapours |    38 |    71 |    80 |   139 |   141 |   212 |       ||   681
       Olgreb's Toxic Ra |       |     3 |    22 |    62 |    98 |    98 |     1 ||   284
       Mephitic Cloud    |       |     1 |     2 |    31 |    34 |    16 |     1 ||    85
       Confuse           |       |       |     9 |     3 |    15 |       |       ||    27
       Tukima's Dance    |       |       |       |     4 |       |       |       ||     4
       Summon Guardian G |       |       |       |     3 |    60 |    44 |       ||   107
       Blink             |       |       |       |       |    12 |    14 |       ||    26
       Regeneration      |       |       |       |       |    10 |    34 |       ||    44
       Borgnjor's Vile C |       |       |       |       |       |    63 |       ||    63
       Dispel Undead     |       |       |       |       |       |    15 |       ||    15
       Lee's Rapid Decon |       |       |       |       |       |    35 |       ||    35
Invok: Recall Ancestor   |       |       |       |       |    13 |     7 |       ||    20
       Receive Necronomi |       |       |       |       |     1 |       |       ||     1
       Ancestor Identity |       |       |       |       |     1 |       |       ||     1
       Ancestor Life: Ba |       |       |       |       |     1 |       |       ||     1
 Abil: Evoke Blink       |       |       |       |     3 |       |       |       ||     3
       Evoke Flight      |       |       |       |       |       |     1 |       ||     1
Evoke: Wand              |       |       |    11 |    10 |     1 |       |       ||    22
       Phial of floods   |       |       |       |     1 |       |       |       ||     1
  Use: Scroll            |     3 |    10 |    12 |    13 |    10 |    11 |       ||    59
       Potion            |       |     4 |     6 |     3 |     5 |       |       ||    18
 Stab: Sleeping          |       |     2 |     6 |     9 |    16 |     9 |       ||    42
       Distracted        |       |       |     2 |     1 |    13 |    11 |       ||    27
       Paralysed         |       |       |     1 |     1 |       |       |       ||     2
       Confused          |       |       |       |     8 |     6 |     2 |       ||    16
  Eat: Chunk             |     4 |    11 |    23 |    31 |    50 |    49 |       ||   168
       Ration            |       |     1 |     1 |     2 |     6 |     9 |       ||    19
Armor: Robe              |     4 |    11 |    52 |    58 |    76 |   139 |     1 ||   341
       Skin              |       |     1 |     1 |       |     2 |       |       ||     4
Dodge: Dodged            |    16 |    59 |   109 |   188 |   583 |   545 |     3 ||  1503
Block: Buckler           |       |       |    21 |    68 |   123 |       |       ||   212
       Shield            |       |       |       |    14 |   136 |   632 |     3 ||   785
       Rpst.: Falchion   |       |     2 |       |       |       |       |       ||     2

Table legend:
 A = Spawn XP
 B = Non-spawn XP
 C = Spawn XP percentage of total XP
 D = Spawn monster count
 E = Non-spawn monster count
 F = Spawn count percentage of total count
 G = Total turns spent on level
                    A         B        C        D         E        F      G
               +---------+---------+-------+---------+---------+-------+---------
         Total |       0 |  377777 |   0.0 |       0 |    1382 |   0.0 | 53733
               +---------+---------+-------+---------+---------+-------+---------
           D:1 |       0 |      53 |   0.0 |       0 |      29 |   0.0 |  1343
           D:2 |       0 |     101 |   0.0 |       0 |      26 |   0.0 |  1371
           D:3 |       0 |     411 |   0.0 |       0 |      32 |   0.0 |  1987
           D:4 |       0 |     489 |   0.0 |       0 |      10 |   0.0 |  1609
           D:5 |       0 |     342 |   0.0 |       0 |      45 |   0.0 |  1604
           D:6 |       0 |    1469 |   0.0 |       0 |      38 |   0.0 |  1512
           D:7 |       0 |     990 |   0.0 |       0 |      29 |   0.0 |  1163
           D:8 |       0 |    1679 |   0.0 |       0 |      17 |   0.0 |   955
           D:9 |       0 |    3473 |   0.0 |       0 |      46 |   0.0 |  1698
          D:10 |       0 |    5068 |   0.0 |       0 |      37 |   0.0 |  1768
          D:11 |       0 |    6793 |   0.0 |       0 |      58 |   0.0 |  2054
          D:12 |       0 |    6726 |   0.0 |       0 |      11 |   0.0 |  2921
          D:13 |       0 |   10712 |   0.0 |       0 |      34 |   0.0 |  1751
          D:14 |       0 |   12256 |   0.0 |       0 |      39 |   0.0 |  1176
          D:15 |       0 |   17465 |   0.0 |       0 |      47 |   0.0 |   912
        Temple |       0 |      40 |   0.0 |       0 |       1 |   0.0 |   338
        Lair:1 |       0 |    5449 |   0.0 |       0 |      17 |   0.0 |  1598
        Lair:2 |       0 |    6779 |   0.0 |       0 |      28 |   0.0 |  1841
        Lair:3 |       0 |    2047 |   0.0 |       0 |      14 |   0.0 |   980
        Lair:4 |       0 |    8390 |   0.0 |       0 |      28 |   0.0 |  1799
        Lair:5 |       0 |   12003 |   0.0 |       0 |      37 |   0.0 |  1576
        Lair:6 |       0 |   22674 |   0.0 |       0 |      72 |   0.0 |  1886
       Swamp:1 |       0 |   14530 |   0.0 |       0 |      34 |   0.0 |  1972
       Swamp:2 |       0 |   22011 |   0.0 |       0 |      48 |   0.0 |  1223
       Swamp:3 |       0 |   14059 |   0.0 |       0 |      42 |   0.0 |  1138
       Swamp:4 |       0 |   28489 |   0.0 |       0 |      56 |   0.0 |   884
      Spider:1 |       0 |   18036 |   0.0 |       0 |      56 |   0.0 |   795
      Spider:2 |       0 |   15749 |   0.0 |       0 |      54 |   0.0 |   981
      Spider:3 |       0 |   15575 |   0.0 |       0 |      34 |   0.0 |   717
      Spider:4 |       0 |   32845 |   0.0 |       0 |      90 |   0.0 |  1411
         Orc:1 |       0 |    9086 |   0.0 |       0 |      67 |   0.0 |  2006
         Orc:2 |       0 |    8586 |   0.0 |       0 |      67 |   0.0 |  2150
         Elf:1 |       0 |   25872 |   0.0 |       0 |      43 |   0.0 |  1598
         Elf:2 |       0 |   35939 |   0.0 |       0 |      50 |   0.0 |  2211
         IceCv |       0 |   11591 |   0.0 |       0 |      46 |   0.0 |  2805
               +---------+---------+-------+---------+---------+-------+---------
